 Seeded DCSS version 0.29.1-12-g30fa7ad0bf (webtiles) character file.

Game seed: 20230101 (custom seed)

130563 stormannn the Tortoise (level 16, -2/149 HPs)
             Began as a Minotaur Abyssal Knight on Jan 1, 2023.
             Was the Champion of Lugonu.
             Slain by a +0 glaive of venom (6 damage)
             ... on level 1 of the Elven Halls on Jan 2, 2023.
             The game lasted 01:48:48 (35837 turns).

stormannn the Tortoise (Minotaur Abyssal Knight)   Turns: 35837, Time: 01:49:02

Health: -2/149     AC: 27    Str: 31    XL:     16   Next: 53%
Magic:  0/8        EV:  8    Int:  7    God:    Lugonu [******]
Gold:   1587       SH:  0    Dex: 11    Spells: 15/15 levels left

rFire   + + .      SeeInvis +   n - +11 hand axe "Minotaur's Curse" {antimagic, Fly rN++ Int-4 Dex+3}
rCold   + + .      Faith    .   l - +0 tower shield
rNeg    + + +      Spirit   .   H - +8 gold dragon scales
rPois   +          Reflect  +   (helmet restricted)
rElec   .          Harm     .   N - scarf {rC+ rF+}
rCorr   .          Rampage  .   r - +1 pair of gloves of Honesty {rF- rN+ Regen+}
Will    +....                   B - +0 pair of boots of the Comet {rF+ Int+4 Dex-4 SInv}
Stlth   ..........              u - amulet of reflection
HPRegen 1.14/turn               k - +4 ring of slaying
MPRegen 0.11/turn               f - +6 ring of strength

@: confused, lethally poisoned (-2 -> -10), flying, invisible
A: horns 2, retaliatory headbutt, deformed body
a: Renounce Religion, Depart the Abyss, Bend Space, Banish, Corrupt, Enter the
Abyss, Brand Weapon With Distortion


You were on level 1 of the Elven Halls.
You worshipped Lugonu.
Lugonu was exalted by your worship.
You visited 5 branches of the dungeon, and saw 24 of its levels.
You visited the Abyss 2 times.
You also visited: Sewer and Ice Cave.

You collected 3860 gold pieces.
You spent 2273 gold pieces at shops.

Inventory:

Hand Weapons
 m - the +8 mace of Plague {vorpal, rElec}
   (You bought it in a shop on level 2 of the Orcish Mines)

   It inflicts extra damage upon your enemies.
   rElec:     It insulates you from electricity.
 n - the +11 hand axe "Minotaur's Curse" (weapon) {antimagic, Fly rN++ Int-4 Dex+3}
   (You bought it in a shop on level 2 of the Orcish Mines)

   It reduces the magical energy of the wielder, and disrupts the spells and
   magical abilities of those it strikes.
   Natural abilities and divine invocations are not affected.
   Int:       It affects your intelligence (-4).
   Dex:       It affects your dexterity (+3).
   rN:        It greatly protects you from negative energy.
   Fly:       It grants you flight.
 C - the +2 whip "Minotaur's Regret" {drain, rElec rC++ rN+ Str-2}
   (You found it on level 2 of the Lair of Beasts)

   A truly terrible weapon, it drains the life of any living foe it strikes.
   Str:       It affects your strength (-2).
   rC:        It greatly protects you from cold.
   rElec:     It insulates you from electricity.
   rN:        It protects you from negative energy.
 D - the +9 flail of Greed {vorpal, Int+2}
   (You bought it in a shop on level 9 of the Dungeon)

   It inflicts extra damage upon your enemies.
   Int:       It affects your intelligence (+2).
Missiles
 p - 7 javelins (quivered)
Armour
 l - a +0 tower shield (worn)
 r - the +1 pair of gloves of Honesty (worn) {rF- rN+ Regen+}
   (You bought it in a shop on level 2 of the Orcish Mines)

   rF:        It makes you vulnerable to fire.
   rN:        It protects you from negative energy.
   Regen:     It increases your rate of health regeneration.
 B - the +0 pair of boots of the Comet (worn) {rF+ Int+4 Dex-4 SInv}
   (You bought it in a shop on level 2 of the Orcish Mines)

   Int:       It affects your intelligence (+4).
   Dex:       It affects your dexterity (-4).
   rF:        It protects you from fire.
   SInv:      It lets you see invisible.
 H - +8 gold dragon scales (worn)
 N - a scarf of resistance (worn)
Jewellery
 e - a ring of protection from fire
 f - a +6 ring of strength (right hand)
 g - a ring of flight
 k - a +4 ring of slaying (left hand)
 u - an amulet of reflection (around neck)
 y - a ring of resist corrosion
 P - a ring of protection from cold
Wands
 o - a wand of polymorph (3)
 w - a wand of mindburst (3)
 E - a wand of flame (27)
 F - a wand of digging (3)
 J - a wand of light (9)
 L - a wand of roots (20)
Scrolls
 b - 2 scrolls of vulnerability
 i - 4 scrolls of enchant weapon
 j - 4 scrolls of amnesia
 q - 5 scrolls of teleportation
 s - 13 scrolls of identify
 G - a scroll of blinking
 M - 6 scrolls of butterflies
 S - a scroll of fear
 T - a scroll of poison
Potions
 a - 3 potions of attraction
 c - 2 potions of ambrosia
 d - 2 potions of magic
 h - 6 potions of mutation
 t - 2 potions of berserk rage
 v - 5 potions of invisibility
 x - 8 potions of flight
 z - 4 potions of brilliance
 A - 3 potions of lignification
 K - 5 potions of curing
 U - a potion of might


   Skills:
 - Level 15.3 Fighting
 - Level 10.4(14.0) Axes
 - Level 14.9(16.1) Maces & Flails
 + Level 15.7 Armour
 - Level 10.4 Dodging
 + Level 14.1 Shields
 - Level 13.0 Invocations


You had 15 spell levels left.
You didn't know any spells.
Your spell library contained the following spells:

 Spells                   Type           Power      Damage    Failure   Level
 Apportation              Tloc           0%         N/A       100%        1
 Beastly Appendage        Tmut           0%         N/A       100%        1
 Freeze                   Ice            0%         1d3       100%        1
 Necrotise                Necr           0%         1d4       100%        1
 Summon Small Mammal      Summ           0%         N/A       100%        1
 Call Imp                 Summ           0%         N/A       100%        2
 Wereblood                Tmut           0%         N/A       100%        2
 Conjure Flame            Conj/Fire      0%         6-21      100%        3
 Dazzling Flash           Conj/Hex       0%         N/A       100%        3
 Frozen Ramparts          Ice            0%         1d1       100%        3
 Ignite Poison            Fire/Tmut/Pois 0%         N/A       100%        3
 Spider Form              Tmut/Pois      0%         N/A       100%        3
 Summon Guardian Golem    Hex/Summ       0%         N/A       100%        3
 Animate Dead             Necr           0%         N/A       100%        4
 Corpse Rot               Necr/Pois/Air  0%         N/A       100%        4
 Dispel Undead            Necr           0%         3d6       100%        4
 Hailstorm                Conj/Ice       0%         3d3       100%        4
 Iskenderun's Mystic Bla  Conj/Tloc      0%         2d3       100%        4
 Passage of Golubria      Tloc           0%         N/A       100%        4
 Sticky Flame             Conj/Fire      0%         2d3       100%        4
 Summon Lightning Spire   Summ/Air       0%         N/A       100%        4
 Fireball                 Conj/Fire      0%         3d3       100%        5
 Iskenderun's Battlesphe  Conj           0%         2d6       100%        5
 Silence                  Hex/Air        0%         N/A       100%        5
 Summon Mana Viper        Hex/Summ       0%         N/A       100%        5
 Conjure Ball Lightning   Conj/Air       0%         3x3d6     100%        6
 Death Channel            Necr           0%         N/A       100%        6
 Starburst                Conj/Fire      0%         6d3       100%        6
 Haunt                    Necr/Summ      0%         N/A       100%        7
 Orb of Destruction       Conj           0%         9d5       100%        7
 Infestation              Necr           0%         N/A       100%        8
 Lehudib's Crystal Spear  Conj/Erth      0%         10d2      100%        8


Dungeon Overview and Level Annotations

Branches:
Dungeon (15/15)            Temple (0/1) D:7            Lair (5/5) D:8
 Shoals (0/4) Lair:2        Snake (1/4) Lair:3        Slime (0/5) Lair:4
    Orc (2/2) D:10            Elf (1/3) Orc:2        Vaults (0/5) D:13
 Depths (0/4) D:15          Sewer (visited)           IceCv (visited)

Altars:
Cheibriados
Elyvilon
Fedhas
Kikubaaqudgha
Sif Muna
Zin
Jiyva

Shops:
D:1 (   D:2 :   D:6 *   D:7 *   D:9 (   D:12 :   D:13 [([(   Orc:2 (([(

Annotations:
D:13 2 runed translucent doors, SUNBIBLE's ghost, journeyman FoFi
D:14 3 runed translucent doors, Jiolyugh's ghost, journeyman GrEE
Snake:1 corrupted
Elf:1 Asterion


Innate Abilities, Weirdness & Mutations

You have a pair of horns on your head.
You reflexively headbutt those who attack you in melee.
Armour fits poorly on your strangely shaped body.


Message History

Aim: Asterion, wielding a +1 demon blade of draining, wearing a +0 leather armour and wearing a +0 kite shield (chance to affect: 26%)
The +0 glaive of venom is unaffected.
A deep elf zephyrmancer comes into view.
It is wielding a +2 rapier of speed.
The +0 glaive of venom hits you from afar!
* * * LOW HITPOINT WARNING * * *
You are poisoned.
You don't have enough magic at the moment.
Magic courses through your body.
You feel very sick.
Asterion utters an invocation to Makhleb.
You block the +0 glaive of venom's attack.
You hear a shout!
Press: ? - help, Shift-Dir - straight line, f/p - Asterion
Aim: Asterion, wielding a +1 demon blade of draining, wearing a +0 leather armour and wearing a +0 kite shield (chance to affect: 26%)
The +0 glaive of venom is unaffected.
You feel sick.
The +0 glaive of venom hits you but does no damage.
The cacodemon hits you but does no damage.
You block the cacodemon's attack.
Press: ? - help, Shift-Dir - straight line, f/p - Asterion
Aim: Asterion, wielding a +1 demon blade of draining, wearing a +0 leather armour and wearing a +0 kite shield (chance to affect: 26%)
The +0 glaive of venom is unaffected.
You feel sick.
The steelbarb worm changes into a swamp worm!
You block the +0 glaive of venom's attack.
A deep elf pyromancer comes into view. It is wielding a +0 long sword.
The cacodemon gestures at you.
You are confused.
You are too confused!
Unknown command.
Unknown command.
Unknown command.
You are too confused!
Okay, then.
Unknown command.
You fade into invisibility!
You feel sick.
The +0 glaive of venom hits you from afar!!
* * * LOW HITPOINT WARNING * * *
You are lethally poisoned!
The +0 glaive of venom hits you from afar.
You die... #########.# #.# ##.#... ##. ... #.###.# #.'..# ..# ). #.##..# #....# #e..e #....## ##..... #e#e #..### #......
Ewe

#... #......
#H###...#
##.....
#()##..## ##...#
#.#2@##..# ##.)#
####..##.# ##..
##..#.# ##. .#
##.#.# #. #.#
#.#..# #. .# #.#
##.#.# #. #.#.
#..# ##..#.# #.
##.##
#..#####..##.#
#. ##
....###..#.#..##
.# #.


You could see Asterion, a cacodemon (summoned), a water elemental (unable to see
you), 2 deep elf pyromancers, a swamp worm shaped shifter (unable to see you)
and a +0 glaive of venom (unable to see you).

Vanquished Creatures
  Kirke (Lair:4)
  A deep elf demonologist (Elf:1)
  Azrael (D:13)
  2 deep elf annihilators (Elf:1)
  An ettin (D:15)
  3 boulder beetles
  An ice dragon (Lair:5)
  Erolcha (D:9)
  A centaur warrior (D:13)
  7 hydras
  5 two-headed ogres
  9 death yaks
  4 tengu warriors
  7 orc high priests
  7 dancing weapons (Elf:1)
  A hell knight (D:15)
  3 deep elf knights (Elf:1)
  10 skeletal warriors
  A deep troll (D:15)
  2 wizards (D:15)
  2 lindwurms (Lair:5)
  5 deep elf archers
  Pikel (D:5)
  4 deep elf zephyrmancers (Elf:1)
  4 orc sorcerers
  2 mana vipers (Lair:3)
  4 wolf spiders
  9 orc knights
  10 deep elf pyromancers
  9 ugly things
  A manticore (D:11)
  14 elephants
  4 cyclopes
  A guardian serpent (Lair:4)
  13 black mambas
  A merfolk siren (Lair:2)
  An ice statue (IceCv)
  7 torpor snails
  12 cane toads
  4 centaur skeletons (D:13)
  2 rime drakes
  An unseen horror (shapeshifter) (D:14)
  6 komodo dragons
  A kobold demonologist (D:13)
  2 unseen horrors
  2 anaconda simulacra (IceCv)
  2 freezing wraiths
  6 trolls
  4 polar bears
  2 merfolk (Lair:2)
  10 hornets
  21 blink frogs
  3 tyrant leeches (Lair:5)
  Grinder (D:4)
  10 dream sheep
  Sigmund (D:5)
  An air elemental (Elf:1)
  9 slime creatures
  A culicivora (shapeshifter) (D:14)
  A centaur simulacrum (D:14)
  2 water elementals (Elf:1)
  A dire elephant simulacrum (IceCv)
  A shadow (D:11)
  A vampire (D:10)
  23 wyverns
  9 basilisks
  37 yaks
  5 wraiths
  8 vampire mosquitoes
  4 steam dragons
  2 redbacks
  A naga (Snake:1)
  3 fire elementals
  A harpy simulacrum (IceCv)
  Edmund (D:5)
  2 death yak simulacra (IceCv)
  A warg (Orc:2)
  4 hell hounds (D:13)
  3 hydra simulacra (IceCv)
  Duvessa (D:4)
  30 water moccasins
  3 ice beasts
  A swamp drake (shapeshifter) (D:13)
  43 orc warriors
  A sky beast (D:6)
  A black bear (D:7)
  5 ogres
  11 wolves
  2 centaurs
  A phantom (D:6)
  7 kobold brigands
  17 bullfrogs
  A scorpion (D:5)
  3 cane toad simulacra (IceCv)
  A gnoll sergeant (D:7)
  An earth elemental (Elf:1)
  2 two-headed ogre simulacra (IceCv)
  6 wights
  Dowan (D:4)
  2 elephant simulacra (IceCv)
  4 electric eels (Lair:1)
  5 howler monkeys
  6 jellies
  Crazy Yiuf (D:6)
  4 hounds
  A gnoll bouda (D:10)
  29 orc priests
  18 orc wizards
  2 polar bear simulacra (IceCv)
  8 troll simulacra (IceCv)
  7 spriggan simulacra (IceCv)
  9 adders
  17 gnolls
  5 naga simulacra (IceCv)
  3 river rats (Sewer)
  A shadow imp (D:6)
  22 white imps
  6 ufetubi
  8 worms
  49 orcs
  9 ball pythons
  4 bats
  20 endoplasms
  5 giant cockroaches
  3 goblins
  10 hobgoblins
  4 quokkas
  8 frilled lizards
  20 kobolds
  4 rats
803 creatures vanquished.

Vanquished Creatures (collateral kills)
  A merfolk (Lair:2)
1 creature vanquished.

Vanquished Creatures (others)
  A deep elf pyromancer (D:13)
  A water elemental (Elf:1)
  A human (Lair:4)
  2 nagas (Snake:1)
  An orc wizard (D:13)
  31 fungi
  98 plants
135 creatures vanquished.

Grand Total: 939 creatures vanquished

Notes
Turn   | Place    | Note
-------+----------+-------------------------------------------
     0 | Abyss:1  | stormannn the Minotaur Abyssal Knight began the quest for
                  | the Orb.
     0 | Abyss:1  | Reached XP level 1. HP: 19/19 MP: 1/1
     1 | D:1      | Escaped the Abyss
     1 | D:1      | Found a faded altar of an unknown god.
   273 | D:1      | You fall into a shaft and drop 1 floor!
   300 | D:2      | Reached XP level 2. HP: 26/27 MP: 2/2
   639 | D:1      | Found Coskaan's Antique Weapon Boutique.
   898 | D:2      | Reached XP level 3. HP: 33/33 MP: 3/3
  1080 | D:2      | Reached *** piety under Lugonu
  1444 | D:2      | Found Foussoh's Book Shoppe.
  1637 | D:3      | Found a glowing drain.
  1645 | D:3      | Reached XP level 4. HP: 40/40 MP: 4/4
  1663 | Sewer    | Entered a sewer
  1864 | Sewer    | Reached XP level 5. HP: 47/47 MP: 4/6
  1934 | Sewer    | Found a viscous altar of Jiyva.
  2426 | D:3      | Reached XP level 6. HP: 55/55 MP: 7/7
  2431 | D:3      | Reached **** piety under Lugonu
  2950 | D:4      | Noticed Duvessa
  2957 | D:4      | Killed Duvessa
  2958 | D:4      | Reached skill level 5 in Fighting
  2981 | D:4      | Noticed Dowan
  2993 | D:4      | Killed Dowan
  3094 | D:4      | Identified the +6 whip "Bohegraf" {vorpal, Str+5 Stlth+}
  3353 | D:4      | Noticed Grinder
  3359 | D:4      | Paralysed by Grinder for 5 turns
  3366 | D:4      | Killed Grinder
  3367 | D:4      | Reached XP level 7. HP: 35/61 MP: 8/8
  3514 | D:4      | Reached skill level 5 in Armour
  3720 | D:5      | Entered Level 5 of the Dungeon
  4104 | D:5      | Noticed Sigmund
  4108 | D:5      | Noticed Pikel
  4114 | D:5      | Killed Sigmund
  4115 | D:5      | Reached XP level 8. HP: 60/70 MP: 10/10
  4120 | D:5      | Killed Pikel
  4121 | D:5      | Reached skill level 5 in Maces & Flails
  4121 | D:5      | Reached skill level 5 in Dodging
  4370 | D:5      | Reached skill level 5 in Invocations
  4847 | D:5      | Noticed Edmund
  4862 | D:5      | Killed Edmund
  4863 | D:5      | Reached XP level 9. HP: 60/78 MP: 11/11
  5169 | D:6      | Found Zimmasaph's CLEARANCE SALE!.
  5348 | D:6      | Identified the +5 long sword of Collusion {elec, *Corrode
                  | rPois rC- Int+8}
  5656 | D:6      | Found a runed translucent door.
  5657 | D:6      | Noticed Crazy Yiuf
  5684 | D:6      | Reached ***** piety under Lugonu
  5874 | D:6      | Killed Crazy Yiuf
  6082 | D:7      | Found a staircase to the Ecumenical Temple.
  6789 | D:7      | Found Keqih's Lightly-Used Armoury.
  7096 | D:8      | Found a shimmering blue altar of Sif Muna.
  7119 | D:8      | Found an ancient bone altar of Kikubaaqudgha.
  7341 | D:8      | Reached XP level 10. HP: 41/88 MP: 13/13
  7657 | D:8      | Found a staircase to the Lair.
  7771 | D:8      | Found a snail-covered altar of Cheibriados.
  7771 | D:8      | Found a glowing silver altar of Zin.
  7774 | D:8      | Found a blossoming altar of Fedhas.
  7776 | D:8      | Found a white marble altar of Elyvilon.
  8109 | D:8      | Noticed a two-headed ogre
  8112 | D:8      | Killed a two-headed ogre
  8739 | D:9      | Found Rihiy's Antique Weapon Shoppe.
  8744 | D:9      | Bought a scorched flail for 263 gold pieces
  8744 | D:9      | Identified the +9 flail of Greed {vorpal, Int+2} (You
                  | bought it in a shop on level 9 of the Dungeon)
  8982 | D:9      | Noticed Erolcha
  8990 | D:9      | Killed Erolcha
  8991 | D:9      | Reached skill level 10 in Maces & Flails
  9446 | D:10     | Entered Level 10 of the Dungeon
 10514 | D:10     | Found a staircase to the Orcish Mines.
 10523 | D:10     | Reached XP level 11. HP: 84/97 MP: 15/15
 10825 | Lair:1   | Entered Level 1 of the Lair of Beasts
 11390 | Orc:1    | Entered Level 1 of the Orcish Mines
 11759 | Orc:2    | Entered Level 2 of the Orcish Mines
 11759 | Orc:2    | Found a staircase to the Elven Halls.
 11876 | D:11     | Noticed an eight-headed hydra
 11886 | D:11     | Killed an eight-headed hydra
 12107 | D:11     | Reached ****** piety under Lugonu
 12319 | D:11     | Noticed a tengu warrior
 12319 | D:11     | Noticed a two-headed ogre
 12319 | D:11     | Noticed a four-headed hydra
 12324 | D:11     | Killed a two-headed ogre
 12329 | D:11     | Killed a tengu warrior
 12330 | D:11     | Reached skill level 10 in Fighting
 12333 | D:11     | Killed a four-headed hydra
 12627 | D:11     | Noticed a two-headed ogre
 12634 | D:11     | Killed a two-headed ogre
 13225 | D:12     | Noticed a deep elf pyromancer
 13232 | D:12     | Killed a deep elf pyromancer
 13310 | D:12     | Found Heahuz's Book Emporium.
 13371 | D:12     | Reached XP level 12. HP: 100/106 MP: 15/17
 13666 | D:12     | Noticed a four-headed hydra
 13674 | D:12     | Killed a four-headed hydra
 13850 | D:12     | Noticed an orc warlord
 14193 | Lair:1   | Noticed a death yak
 14217 | Lair:1   | Killed a death yak
 14230 | Lair:1   | Noticed a death yak
 14456 | D:8      | Killed a death yak
 14818 | Lair:1   | Noticed a death yak
 14830 | Lair:1   | Killed a death yak
 15276 | Lair:1   | Reached skill level 10 in Invocations
 15327 | Lair:1   | Noticed a six-headed hydra
 15336 | Lair:1   | Killed a six-headed hydra
 15593 | Lair:1   | Noticed a death yak
 15593 | Lair:1   | Noticed a death yak
 15628 | D:8      | Killed a death yak
 15749 | Lair:1   | Killed a death yak
 16343 | Lair:1   | Noticed a death yak
 16344 | Lair:1   | Noticed a death yak
 16346 | Lair:1   | Noticed a death yak
 16438 | D:8      | Killed a death yak
 16530 | Lair:1   | Killed a death yak
 16641 | Lair:1   | Noticed a death yak
 16659 | Lair:1   | Killed a death yak
 16677 | Lair:1   | Killed a death yak
 16678 | Lair:1   | Reached skill level 1 in Shields
 17192 | Lair:2   | Reached XP level 13. HP: 124/124 MP: 19/19
 17766 | Lair:2   | Found a staircase to the Shoals.
 18710 | Lair:2   | Identified the +2 whip "Minotaur's Regret" {drain, rElec
                  | rC++ rN+ Str-2}
 18715 | Lair:2   | Identified a scroll of acquirement
 18715 | Lair:2   | Acquired 757 gold pieces
 18923 | Lair:2   | You fall into a shaft and drop 2 floors!
 19550 | Lair:3   | Reached skill level 5 in Shields
 19579 | Lair:3   | Found a frozen archway.
 19613 | IceCv    | Entered an ice cave
 20358 | IceCv    | Noticed a reaper
 20849 | IceCv    | Banished a reaper
 21191 | IceCv    | Identified the +8 short sword "Killer Klown's Regret"
                  | {venom, Will- Dex+4 Stlth+}
 21589 | Lair:3   | Found a staircase to the Snake Pit.
 21825 | Lair:3   | Reached skill level 10 in Armour
 23146 | Lair:4   | Reached XP level 14. HP: 114/133 MP: 18/22
 23639 | Lair:4   | Found a viscous altar of Jiyva.
 23640 | Lair:4   | Found a staircase to the Slime Pits.
 23777 | Lair:4   | Noticed Kirke
 23793 | Lair:4   | Noticed a sphinx
 23793 | Lair:4   | Killed Kirke
 24492 | Lair:5   | Entered Level 5 of the Lair of Beasts
 24547 | Lair:4   | HP: 4/133 [guardian serpent (7)]
 26199 | Lair:5   | Found a runed translucent door.
 26587 | Lair:5   | Paralysed by a hornet for 2 turns
 26596 | Lair:5   | Reached skill level 10 in Dodging
 26657 | Lair:5   | Reached skill level 15 in Fighting
 27696 | Lair:5   | Reached skill level 10 in Shields
 28852 | D:7      | Bought -1 gold dragon scales for 900 gold pieces
 29057 | Snake:1  | Entered Level 1 of the Snake Pit
 29059 | Snake:1  | Corrupted Snake:1
 29059 | Snake:1  | Noticed a lich
 29618 | Orc:2    | Reached XP level 15. HP: 136/141 MP: 23/23
 29785 | Orc:2    | Noticed an orc warlord
 29806 | Orc:2    | Banished an orc warlord
 30304 | Orc:2    | Gained mutation: Armour fits poorly on your strangely
                  | shaped body. [a neqoxec]
 30869 | Orc:2    | Found Guivoics's Antique Weapon Shop.
 30870 | Orc:2    | Found Fanodos's Armour Shop.
 30870 | Orc:2    | Found Plog's Weapon Boutique.
 30871 | Orc:2    | Found Nautereuv's Antique Weapon Shop.
 30885 | Orc:2    | Bought a masterwork mace for 264 gold pieces
 30885 | Orc:2    | Identified the +8 mace of Plague {vorpal, rElec} (You
                  | bought it in a shop on level 2 of the Orcish Mines)
 30893 | Orc:2    | Bought a jewelled hand axe for 264 gold pieces
 30893 | Orc:2    | Identified the +11 hand axe "Minotaur's Curse" {antimagic,
                  | Fly rN++ Int-4 Dex+3} (You bought it in a shop on level 2
                  | of the Orcish Mines)
 30895 | Orc:2    | Bought the +1 pair of gloves of Honesty {rF- rN+ Regen+}
                  | for 219 gold pieces
 30895 | Orc:2    | Bought the +0 pair of boots of the Comet {rF+ Int+4 Dex-4
                  | SInv} for 363 gold pieces
 31324 | D:12     | Reached skill level 5 in Axes
 31517 | D:12     | Identified the +4 morningstar of the Charming Gods {vorpal,
                  | Drain Int+8}
 31726 | D:12     | Banished an orc warlord
 31983 | D:13     | Found Nimuq's Armour Shoppe.
 31984 | D:13     | Found Laow's Weapon Shoppe.
 31985 | D:13     | Found Wijaoj's Weapon Shoppe.
 31986 | D:13     | Found Teimyr's Armour Shoppe.
 32173 | D:13     | Noticed Azrael
 32190 | D:13     | Killed Azrael
 32293 | D:13     | Found a gate to the Vaults.
 32447 | D:13     | Found a large runed translucent door.
 32447 | D:13     | Found a large runed translucent door.
 32463 | D:13     | Identified the +4 plate armour "Qoilisol" {Rampage Str+2}
 32844 | D:13     | Noticed SUNBIBLE's ghost (journeyman FoFi)
 33422 | D:14     | Found a runed translucent gate.
 33423 | D:14     | Found a runed translucent gate.
 33423 | D:14     | Noticed Jiolyugh's ghost (journeyman GrEE)
 33424 | D:14     | Found a runed translucent gate.
 33712 | D:15     | Entered Level 15 of the Dungeon
 34113 | D:15     | Reached XP level 16. HP: 111/149 MP: 8/24
 34483 | D:15     | Reached skill level 10 in Axes
 34715 | D:15     | Found a staircase to the Depths.
 35295 | Elf:1    | Entered Level 1 of the Elven Halls
 35428 | Abyss:3  | Cast into level 3 of the Abyss (a deep elf demonologist)
 35429 | Elf:1    | Escaped the Abyss
 35442 | Elf:1    | Reached skill level 15 in Armour
 35452 | Elf:1    | Got the Folio of the Congregation
 35567 | Elf:1    | Paralysed by an air elemental for 1 turns
 35571 | Elf:1    | Paralysed by an air elemental for 1 turns
 35828 | Elf:1    | Noticed Asterion
 35837 | Elf:1    | HP: 4/149 [+0 glaive of venom (22)]
 35837 | Elf:1    | Slain by a +0 glaive of venom

Illustrated notes

Levels and vault maps discovered:
D:1:      spicycebolla_arrival_ecumenical, layout_basic, serial_shops,
          nicolae_shop_behind_doors
D:2:      layout_rooms, serial_shops, nicolae_lakefront_shop,
          nicolae_eternal_life, grunt_ministairs_15
D:3:      layout_loops_corners, cheibrodos_sewer_entry_sluice,
          kennysheep_another_room
D:4:      layout_basic, uniq_duvessa, uniq_grinder
D:5:      layout_layer_cave, uniq_pikel, uniq_sigmund, uniq_edmund
D:6:      layout_basic, serial_bayou_pond_c, nicolae_shop_clearance,
          uniq_crazy_yiuf_cottage
D:7:      layout_basic, minmay_temple_entry_tees, minmay_shop_damaged
D:8:      layout_loops_ring, minitemple, david_lair_generic
D:9:      layout_loops_ring, serial_shops, nicolae_shop_hallway_plus,
          uniq_erolcha
D:10:     layout_basic, david_orc_2
D:11:     lemuel_ice_spiral_2, layout_rooms, dk_noncrumbling_4,
          minmay_checkerbox
D:12:     orc_temple, layout_stronghold, serial_shops, nicolae_shop_waterfront
D:13:     layout_irregular_city, hangedman_vaults_entry_quadrant_bands,
          ebering_ghost_disaster_area, minmay_shop_grid_forest, uniq_azrael
D:14:     layout_roguey, minivault_11, gammafunk_ghost_hydra_chop
D:15:     hangedman_depths_entry_civil_slaughter, layout_layer_cave,
          amcnicky_mini_corridor_feature
Lair:1:   layout_regular_city, gauntlet_entry_generic,
          infiniplex_staircase_pool, grunt_megastairs_1, serial_bayou_shore_a,
          lemuel_fruit_fields, serial_bayou_shore_b
Lair:2:   layout_hall_layers, elwin_shoals_entry_stream, grunt_megastairs_5
Lair:3:   layout_roguey, minmay_snake_entry_six_corridors,
          portal_ice_cave_entry_imps, nicolae_lair_run_with_the_wolves,
          grunt_megastairs_4
Lair:4:   layout_cave_pods, minmay_slime_entry_pillars,
          kennysheep_basilisk_garden, grunt_megastairs_3, lemuel_fruit_tree,
          uniq_kirke
Lair:5:   wormcave, layout_hall_layers, hangedman_lair_tendril_chambers,
          serial_bayou_shore_b
Snake:1:  layout_rooms
Orc:1:    layout_diamond_mine
Orc:2:    st_orc_pillars, layout_caves, mines1_david
Elf:1:    minmay_the_grid_octo_tiled_squarecenter
          [minmay_the_grid_octo_clover_2, minmay_the_grid_octo_fat_diamond,
          minmay_the_grid_octo_horde, minmay_the_grid_octo_vomiting_pacman,
          minmay_the_grid_square_5x5_megaprize_checkered,
          minmay_the_grid_square_5x5_corner, minmay_the_grid_square_5x5_mess,
          minmay_the_grid_square_5x5_beaten_path, minmay_the_grid_square_5x5_z],
          layout_geoelf_diagonals, minmay_elf_demonology, grunt_ministairs_7,
          dreamdust_mushroom_princess, hangedman_glass_teeth, uniq_asterion

Skill      XL: |  1  2  3  4  5  6  7  8  9 10 11 12 13 14 15 16 |
---------------+-------------------------------------------------+-----
Invocations    | 2 3 4 5 6 7 8 10 12 13 | 13.0
Fighting       | 4 5 6 8 9 10 14 15 | 15.3
Axes           | 3 4 9 10 | 10.4
Armour         | 3 4 5 6 7 8 9 10 11 14 15 | 15.7
Dodging        | 2 3 4 5 6 7 8 9 10 | 10.4
Maces & Flails | 2 4 6 8 10 13 14 | 14.9
Shields        | 1 8 10 12 14 | 14.1

Action                   |  1- 3 |  4- 6 |  7- 9 | 10-12 | 13-15 | 16-18 || total
-------------------------+-------+-------+-------+-------+-------+-------++-------
Melee: Hand axe          |    65 |    96 |       |       |   343 |   240 ||   744
       Headbutt          |    11 |    15 |    33 |    78 |   388 |    64 ||   589
       Whip              |       |    15 |   199 |    44 |   495 |       ||   753
       Punch             |       |       |     1 |     3 |     5 |       ||     9
       Flail             |       |       |       |   308 |   627 |       ||   935
       Unarmed           |       |       |       |       |     1 |       ||     1
Throw: Javelin           |       |     6 |       |     1 |     2 |       ||     9
       Throwing net      |       |       |       |       |     1 |       ||     1
Invok: Bend Space        |       |       |     1 |       |     2 |     1 ||     4
       Banish            |       |       |       |       |     8 |     5 ||    13
       Corrupt           |       |       |       |       |     1 |       ||     1
       Depart the Abyss  |       |       |       |       |       |     1 ||     1
Evoke: Wand              |       |       |       |     7 |     7 |       ||    14
  Use: Scroll            |       |    15 |       |    11 |    16 |     2 ||    44
       Potion            |       |     1 |     1 |     7 |    19 |     3 ||    31
 Stab: Sleeping          |       |       |     2 |     1 |       |       ||     3
       Distracted        |       |       |       |     1 |       |       ||     1
       Invisible         |       |       |       |       |     1 |       ||     1
       Confused          |       |       |       |       |     1 |       ||     1
Armor: Leather armour    |    11 |    30 |    57 |    11 |       |       ||   109
       Steam dragon scal |       |       |       |    58 |   176 |       ||   234
       Gold dragon scale |       |       |       |       |   177 |    54 ||   231
Dodge: Dodged            |    32 |    59 |   108 |   224 |   451 |    29 ||   903
Block: Tower shield      |       |       |       |     5 |   904 |   187 ||  1096
       Reflection        |       |       |       |       |    20 |     9 ||    29
